 Dungeon Crawl Stone Soup version 0.30-a0-847-g17996783a1 (webtiles) character file.

Game seed: 3361218438136561378

49 Darius099 the Shield-Bearer (level 3, 0/33 HPs)
             Began as a Minotaur Fighter on Mar 4, 2023.
             Slain by a goblin
             ... wielding a +0 dagger
             ... led by Robin
              (3 damage)
             ... on level 2 of the Dungeon.
             The game lasted 00:01:39 (1046 turns).

Darius099 the Shield-Bearer (Minotaur Fighter)      Turns: 1046, Time: 00:01:40

Health: 0/33       AC:  7    Str: 22    XL:     3   Next: 53%
Magic:  2/2        EV:  9    Int:  5    God:
Gold:   56         SH:  4    Dex:  9    Spells: 2/2 levels left

rFire   . . .      SeeInvis .    a - +0 war axe
rCold   . . .      Faith    .    c - +0 buckler
rNeg    . . .      Spirit   .    b - +0 scale mail
rPois   .          Reflect  .    (helmet restricted)
rElec   .          Rampage  .    (no cloak)
rCorr   .                        (no gloves)
Will    .....                    (no boots) Stlth
                                 (no amulet)
HPRegen 0.25/turn                (no ring)
MPRegen 0.08/turn                (no ring)

@: no status effects
A: horns 2, retaliatory headbutt
a: no special abilities


You were on level 2 of the Dungeon.
You visited 1 branch of the dungeon, and saw 2 of its levels.

You collected 56 gold pieces.

Inventory:

Hand Weapons
 a - a +0 war axe (weapon)
Missiles
 n - 6 poisoned darts (quivered)
 o - 6 javelins
 p - 2 boomerangs
Armour
 b - a +0 scale mail (worn)
 c - a +0 buckler (worn)
Jewellery
 h - an amulet of reflection
Scrolls
 e - a scroll of blinking {unknown}
 f - 4 scrolls of identify {unknown}
 i - a scroll of vulnerability {unknown}
 l - a scroll of noise {unknown}
 m - a scroll of amnesia {unknown}
Potions
 d - a potion of might
 g - 3 potions of curing {unknown}
 j - a potion of mutation {unknown}
 k - a potion of heal wounds {unknown}
 q - a potion of haste {unknown}


   Skills:
 + Level 4.1 Fighting
 + Level 3.1 Axes
 + Level 4.2 Armour
 + Level 4.2 Shields


You had 2 spell levels left.
You didn't know any spells.
Your spell library contained the following spells:

 Spells                   Type           Power      Damage    Failure   Level
 Apportation              Tloc           0%         N/A       87%         1
 Necrotise                Necr           0%         1d4       87%         1
 Summon Small Mammal      Summ           0%         N/A       87%         1


Dungeon Overview and Level Annotations

Branches:
Dungeon (2/15)

Altars:

Annotations:
D:2 1 runed translucent door, Crazy Yiuf, Robin


Innate Abilities, Weirdness & Mutations

You have a pair of horns on your head.
You reflexively headbutt those who attack you in melee.


Message History

You closely miss the goblin. The giant cockroach bites you.
The goblin completely misses you.
The goblin hits you but does no damage. x2
You block the giant cockroach's attack.
You hit the goblin but do no damage.
The goblin is heavily wounded.
You closely miss the goblin.
You hit the giant cockroach but do no damage.
You slash the goblin!
You kill the goblin!
You barely miss the goblin.
The goblin unwields a +0 club.
The goblin wields a +0 sling.
The goblin shoots a sling bullet.
You block the sling bullet. The goblin hits you with a +0 dagger.
The giant cockroach bites you but does no damage.
The goblin hits you with a +0 dagger. The goblin barely misses you.
The hobgoblin hits you but does no damage.
The goblin closely misses you. The giant cockroach misses you.
You furiously retaliate!
You headbutt the giant cockroach!
You kill the giant cockroach!
You are too injured to fight recklessly!
You are too injured to fight recklessly!
You are too injured to fight recklessly!
You are too injured to fight recklessly!
You are too injured to fight recklessly!
Robin hits you with a +0 spear.
* * * LOW HITPOINT WARNING * * *
The goblin hits you with a +0 club.
* * * LOW HITPOINT WARNING * * *
The kobold hits you but does no damage. The hobgoblin barely misses you.
The goblin barely misses you. The goblin hits you but does no damage.
Things that are here:
a +0 dagger; a goblin corpse You barely miss Robin.
You closely miss the goblin. You hit the goblin. You hit the hobgoblin.
You kill the hobgoblin!
You hit the goblin. You completely miss the kobold. You barely miss the goblin.
The goblin hits you but does no damage. The kobold hits you but does no damage.
The goblin hits you with a +0 club.
* * * LOW HITPOINT WARNING * * *
The goblin hits you with a +0 dagger.
You die...

.## ##.....#
#.#.##......##.
#..#..........
#............
#............
#.##....g...#
#.....Kgg...#
## #g@gg..##.
.###.
##gg......
..... #)#.#.###
.###. ###<#..#
.. ..###.# #
###.#.## #.##
#.# #### #.# #.
....


You could see Robin, 7 goblins and a kobold.

Vanquished Creatures
  A worm (D:2)
  A dart slug (D:2)
  5 ball pythons
  3 endoplasms
  2 giant cockroaches
  10 goblins
  4 hobgoblins
  8 kobolds
  2 bats (D:1)
  A frilled lizard (D:2)
  3 rats
40 creatures vanquished.

Notes
Turn   | Place    | Note
-------+----------+-------------------------------------------
     0 | D:1      | Darius099 the Minotaur Fighter began the quest for the Orb.
     0 | D:1      | Reached XP level 1. HP: 19/19 MP: 0/0
   232 | D:1      | Reached XP level 2. HP: 24/27 MP: 1/1
   781 | D:2      | Found a runed translucent door.
   782 | D:2      | Noticed Crazy Yiuf
   806 | D:2      | Reached XP level 3. HP: 33/33 MP: 2/2
   859 | D:2      | Identified the +0 leather armour of Torraemp {rC+ Str+3
                  | Int+5}
  1039 | D:2      | Noticed Robin
  1046 | D:2      | Slain by a goblin

Illustrated notes

Levels and vault maps discovered:
D:1:      eino_arrival_water_star, layout_loops_ring
D:2:      layout_loops_ring, basic_altar, uniq_robin, uniq_crazy_yiuf_cottage

Skill      XL: |  1  2 |
---------------+-------+-----
Shields        | 4 |  4.2
Armour         | 4 |  4.2
Fighting       | 4 |  4.1
Axes           | 3 |  3.1

Action                     || total
---------------------------++-------
  Melee: War axe           ||    69
         Headbutt          ||     9
 Armour: Scale mail        ||    32
  Dodge: Dodged            ||    42
  Block: Buckler           ||    11

Table legend: (Time is in decaauts)
 A = Elapsed time spent in this place.
 B = Non-inter-level travel time spent in this place.
 C = Inter-level travel time spent in this place.
 D = Time resting spent in this place.
 E = Time spent auto-exploring this place.
 F = Levels seen in this place.
 G = Mean time per level.
                   A        B        C        D        E       F      G
               +--------+--------+--------+--------+--------+-----+--------+
         Total |   1075 |   1005 |     70 |      0 |    759 |   2 |  537.5 |
       Dungeon |   1075 |   1005 |     70 |      0 |    759 |   2 |  537.5 |
               +--------+--------+--------+--------+--------+-----+--------+

Top non-repeatable levels by time:
     D:1: 723 daAuts
     D:2: 351 daAuts
